Map: Ley Lines

Players

DonkeyBreath - Winner!

  • Race: Zerg Zerg
  • League: Diamond
  • Spawn Location: 1:00

umomneedslap

  • Race: Terran Terran
  • League: Diamond
  • Spawn Location: 7:00

VOD

Have the link to the VOD?

Description

Diamond league ZvT. I opened with Lambo's 5 roach pressure, and followed it up with 2 base muta harass. Terran player's scv scout spotted the early roach warren, but he did not react appropriately. Short game, but well worth the salt mines.

Time

  • Played on: Jan. 26, 2025, 9:43 p.m.
  • Length: 9:11
Show
View Real Time Build Order
Export as new Build Order

DonkeyBreath Zerg - Winner!

Build Orders: Pool First 

Get SALT Encoding   

  12  0:00  Drone  
  13  0:11  Drone  
  14  0:16  Overlord  
  14  0:35  Drone x2  
  16  0:40  Spawning Pool  
  15  0:43  Drone  
  15  0:47  Drone  
  17  1:07  Hatchery  
  17  1:11  Drone  
  17  1:13  Extractor  
  17  1:15  Drone  
  17  1:27  Zergling x2  
  17  1:30  Zergling x2  
  19  1:41  Roach Warren  
  19  1:45  Queen  
  20  1:53  Overlord  
  20  2:03  Drone  
  21  2:26  Roach x4  
  29  2:36  Roach  
  29  2:41  Overlord  
  29  2:46  Drone  
  30  3:01  Drone  
  30  3:02  Drone x2  
  33  3:05  Lair  
  33  3:15  Spore Crawler  
  31  3:41  Drone x6  
  37  3:47  Drone  
  38  4:03  Ravager  
  38  4:04  Drone  
  38  4:05  Drone x3  
  41  4:12  Extractor  
  41  4:14  Queen  
  41  4:15  Extractor  
  41  4:16  Drone x4  
  42  4:18  Extractor  
  41  4:24  Ravager  
  41  4:26  Drone x2  
  39  4:48  Drone x5  
  39  4:50  Overlord  
  44  4:57  Spire  
  43  5:03  Zergling x2  
  43  5:06  Drone x2  
  44  5:09  Overlord  
  44  5:14  Overlord  
  44  5:29  Overlord  
  44  5:30  Overlord  
  44  5:53  Hatchery  
  43  6:09  Mutalisk x8  
  59  6:15  Overlord  
  59  6:19  Metabolic Boost  
  59  6:21  Drone x6  
  65  6:25  Queen  
  65  6:31  Baneling Nest  
  66  6:38  Roach  
  66  6:39  Roach x3  
  74  6:43  Queen  
  76  6:47  Drone  
  76  6:48  Drone  
  76  6:51  Overlord  
  78  7:17  Drone x11  
  87  7:46  Spore Crawler  
  87  7:47  Spore Crawler  
  85  7:55  Spore Crawler x2  
  80  8:20  Zergling x24  
  80  8:25  Drone x3  
  94  8:31  Overlord x2  
  94  8:36  Hatchery  
Show
View Real Time Build Order
Export as new Build Order

umomneedslap Terran 

Build Orders: Reaper Expand 

Get SALT Encoding   

  12  0:00  SCV  
  13  0:12  SCV  
  14  0:17  Supply Depot  
  14  0:24  SCV  
  15  0:39  SCV  
  15  0:40  Barracks  
  16  0:46  Refinery  
  16  0:54  SCV  
  17  1:06  SCV  
  18  1:18  SCV  
  19  1:30  Reaper, Orbital Command  
  20  1:42  Command Center  
  20  1:54  Supply Depot  
  20  1:56  SCV  
  21  2:02  Marine  
  22  2:12  SCV  
  22  2:13  Factory  
  23  2:24  SCV  
  24  2:35  Barracks Reactor  
  24  2:36  SCV  
  25  2:46  Command Center  
  25  2:49  SCV  
  26  3:02  SCV  
  27  3:06  Starport  
  27  3:16  SCV  
  28  3:24  Orbital Command  
  28  3:26  Marine  
  33  3:32  Widow Mine  
  33  3:33  Widow Mine  
  32  3:39  Bunker  
  30  3:59  Orbital Command  
  30  4:03  Widow Mine x2  
  30  4:09  SCV  
  14  4:33  SCV  
  14  4:35  SCV  
  15  4:39  Marine  
  15  4:44  SCV  
  16  4:51  SCV  
  17  4:54  Starport Tech Lab  
  17  4:55  SCV  
  16  5:01  SCV  
  16  5:03  SCV  
  18  5:07  SCV  
  18  5:13  SCV  
  20  5:15  SCV  
  21  5:23  SCV  
  21  5:26  Refinery  
  22  5:33  SCV  
  22  5:34  Barracks, SCV  
  22  5:35  SCV  
  25  5:39  Marine  
  25  5:41  Bunker  
  26  5:46  SCV  
  26  5:48  SCV  
  28  5:53  Banshee  
  28  5:54  SCV  
  31  6:06  SCV x2  
  31  6:09  SCV  
  34  6:11  Barracks Tech Lab  
  34  6:17  Supply Depot  
  34  6:18  SCV  
  34  6:20  Factory Reactor  
  34  6:22  SCV x2  
  34  6:24  Marine x2  
  34  6:25  Supply Depot  
  39  6:30  SCV  
  39  6:31  Marine  
  41  6:34  SCV  
  41  6:35  SCV  
  43  6:41  Banshee  
  43  6:43  SCV  
  43  6:45  Refinery  
  47  6:47  Marine x2  
  47  6:48  Engineering Bay  
  47  6:50  SCV  
  47  6:51  SCV  
  51  6:58  Marine  
  51  7:00  Supply Depot  
  52  7:07  Marine x2  
  52  7:08  SCV  
  35  7:42  Marine  
  35  7:43  Marine x2  
  37  7:44  Widow Mine  
Tags
 
Add a new tag
Caveats
  • Supply blocks, unpowered buildings, or Contaminate may cause inaccurate times.
  • Supply counts are checked every 10 seconds.